 Dungeon Crawl Stone Soup version 0.31-a0-325-g067879e3d3 (webtiles) character file.

Game seed: 17422149437763857870

54 LustLizard the Changeling (level 3, -2/25 HPs)
             Began as an Octopode Shapeshifter on July 19, 2023.
             Slain by a gnoll
             ... wielding a +0 halberd
              (16 damage)
             ... on level 3 of the Dungeon.
             The game lasted 00:01:52 (860 turns).

LustLizard the Changeling (Octopode Shapeshifter)    Turns: 860, Time: 00:01:52

Health: -2/25      AC:  1    Str: 16    XL:     3   Next: 91%
Magic:  3/3        EV: 13    Int: 16    God:
Gold:   49         SH:  0    Dex: 12    Spells: 2/2 levels left

rFire   . .          .
                       - Unarmed
rCold   . . .        (no shield)
rNeg    . . .        (helmet currently unavailable)
rPois   .            c - amulet of the acrobat
rElec   .            k - +6 ring of intelligence
rCorr   .            (no ring)
SInv    .            (no ring)
Will    .....        (no ring)
Stlth   ++           (no ring)
HPRegen 0.24/turn    (no ring)
MPRegen 0.08/turn    (no ring)
                     (no ring)

%: acrobat
@: beast-form
A: beast (slay +2), almost no armour, amphibious, 8 rings, camouflage 1,
gelatinous body 1, (nimble swimmer 1), tentacles
a: Begin Untransformation


You were on level 3 of the Dungeon.
You were a hulking beast.
You visited 1 branch of the dungeon, and saw 3 of its levels.

You collected 75 gold pieces.
You spent 26 gold pieces at shops.

Inventory:

Missiles
 h - 5 curare-tipped darts
Jewellery
 c - an amulet of the acrobat (around mantle)
 k - a +6 ring of intelligence (left tentacle)
Talismans
 b - a beast talisman
Scrolls
 i - a scroll of identify
Potions
 a - a potion of lignification
 d - a potion of mutation {unknown}
 e - 2 potions of curing {unknown}
 g - a potion of cancellation {unknown}
 j - a potion of attraction {unknown}


   Skills:
 + Level 2.6 Fighting
 - Level 2.0 Dodging
 * Level 3.2 Unarmed Combat
 + Level 3.3 Shapeshifting


You had 2 spell levels left.
You didn't know any spells.
Your spell library was empty.

Dungeon Overview and Level Annotations

Branches:
Dungeon (3/15)

Altars:

Shops:
D:1 ?

Annotations:
D:3 1 runed translucent door, epsilonplus's ghost, amateur BaSh


Innate Abilities, Weirdness & Mutations

You are a hulking beast.
Your limbs bulge with bestial killing power. (Slay +2)
You cannot wear most types of armour.
You are amphibious.
You can wear up to eight rings at the same time.
Your skin changes colour to match your surroundings (Stealth+).
Your rubbery body absorbs attacks. (AC +1, EV +1)
((You are camouflaged when in or above water. (Stealth+)))
You have tentacles for arms and can constrict up to eight enemies at once.


Message History

k - a +6 ring of intelligence (left tentacle)
A sourceless malevolence fills the Dungeon...
You fall into a shaft and drop 1 floor!
The shaft crumbles and collapses.
You open the door.
Found a club.
Found a runed translucent door.
There is an open door here.
Epsilonplus's ghost turns its malevolent gaze towards you.
There is an open door here.
As you open the door, it creaks loudly! 3 gnolls come into view.
The gnoll shouts! x2
Found a scroll labelled KIVYCK RABUL.
Which direction?
You close the door.
A gnoll breaks down the door.
There is an open door here.
The gnoll shouts!
As you read the scroll labelled FESHEM PUFY, it crumbles to dust.
You feel aware of your surroundings.
It was a scroll of revelation.
Found a hand axe.
You tentacle-slap the gnoll. You grab the gnoll.
The gnoll is lightly wounded.
You constrict the gnoll.
You tentacle-slap the gnoll but do no damage.
You squeeze the gnoll.
The gnoll is moderately wounded.
You constrict the gnoll.
The gnoll struggles to escape constriction.
The gnoll closely misses you.
You tentacle-slap the gnoll but do no damage.
The gnoll is heavily wounded.
You constrict the gnoll.
The gnoll escapes!
The gnoll barely misses you. The gnoll closely misses you.
The gnoll hits you with a +0 halberd! The gnoll closely misses you.
You completely miss the gnoll. Your grab misses the gnoll.
Your squeeze misses the gnoll. The gnoll barely misses you.
The gnoll hits you with a +0 halberd!
Ouch! That really hurt!
You die...

,,,,<,***##.......J).### *,,
****,,,,,.+..........###*******,,
* *,****##..........###,,,,,,**,
****,,,,*##..........###,****,**,
,,,,,**,*##..........###,*,,,,,,,
****,**,*##..........###,*,**,*,,
*,,,,,,,*###########.###,*,**,*,*
*,**,****#######.g.#.###,*,,*,*,,
*,,,,* ###P8P#h..#....,*,**,*,,
*********###.)W#gg.###..,*,**,,,,
,,,,,,,,,.+##+##...###.#,*,****,*
*********##........###.#,*,,,,,,,
*,,,##........###.#,*,,,,,,*
*,*,##........###.#,*,,,,,,,
*,*,##........###.#,*,*,,,,,
*,*,*####'##### *,*,****'''*
*,*,* #.# *****,*,* **,,,*


You could see 3 gnolls.

Vanquished Creatures
  A gnoll (D:2)
  An adder (D:2)
  A worm (D:2)
  A dart slug (D:1)
  2 bats (D:1)
  5 endoplasms (D:1)
  2 giant cockroaches
  4 goblins (D:1)
  5 kobolds
  2 quokkas (D:1)
  2 ball pythons (D:1)
  A frilled lizard (D:1)
  2 rats (D:1)
29 creatures vanquished.

Notes
Turn   | Place    | Note
-------+----------+-------------------------------------------
     0 | D:1      | LustLizard the Octopode Shapeshifter began the quest for
                  | the Orb.
     0 | D:1      | Reached XP level 1. HP: 14/14 MP: 1/1
   112 | D:1      | Reached XP level 2. HP: 19/19 MP: 2/2
   440 | D:1      | Reached XP level 3. HP: 25/25 MP: 3/3
   476 | D:1      | Found Nobrubil's Magic Scroll Shoppe.
   480 | D:1      | Bought a scroll of identify for 26 gold pieces
   487 | D:1      | Found a faded altar of an unknown god.
   837 | D:2      | You fall into a shaft and drop 1 floor!
   838 | D:3      | Found a runed translucent door.
   838 | D:3      | Noticed epsilonplus's ghost (amateur BaSh)
   860 | D:3      | Slain by a gnoll

Illustrated notes

Levels and vault maps discovered:
D:1:      dpeg_arrival_orchard, layout_loops_ring, serial_shops, shop,
          shapermc_ecumenical_altar_venn, st_stairs_2, roderic_roman_lattice
D:2:      cheibrodos_helix_gallery, layout_rooms, basic_altar
D:3:      cheibrodos_fertilizer, layout_basic, gammafunk_ghost_grave,
          uniq_crazy_yiuf_cottage, uniq_ijyb

Skill      XL: |  1  2  3 |
---------------+----------+-----
Unarmed Combat | 3 |  3.2
Fighting       | |  2.6
Dodging        | |  2.0
Shapeshifting  | |  3.3

Action                     || total
---------------------------++-------
  Melee: Unarmed           ||    58
         Constrict         ||    16
         Tentacles         ||    13
    Use: Scroll            ||     1
   Stab: Sleeping          ||     6
 Armour: Skin              ||     5
  Dodge: Dodged            ||    37

Table legend: (Time is in decaauts)
 A = Elapsed time spent in this place.
 B = Non-inter-level travel time spent in this place.
 C = Inter-level travel time spent in this place.
 D = Time resting spent in this place.
 E = Time spent auto-exploring this place.
 F = Levels seen in this place.
 G = Mean time per level.
                   A        B        C        D        E       F      G
               +--------+--------+--------+--------+--------+-----+--------+
         Total |    856 |    828 |     28 |      0 |    633 |   3 |  285.3 |
       Dungeon |    856 |    828 |     28 |      0 |    633 |   3 |  285.3 |
               +--------+--------+--------+--------+--------+-----+--------+

Top non-repeatable levels by time:
     D:1: 769 daAuts
     D:2: 64 daAuts
     D:3: 22 daAuts
